 Dungeon Crawl Stone Soup version 0.30-a0-359-gd0147acb1a (webtiles) character file.

Game seed: 18046293385336600089

430722 jlumianski the Demonic Cataclysm (level 22, -7/154 (182) HPs)
             Began as a Demonspawn Fighter on Nov 9, 2022.
             Was a High Priest of Qazlal.
             Killed from afar by a shadow dragon (41 damage)
             ... with a bolt of negative energy
             ... on level 4 of the Vaults on Nov 12, 2022.
             The game lasted 07:16:11 (60494 turns).

jlumianski the Demonic Cataclysm (DsFi)            Turns: 60494, Time: 07:16:12

HP:   -7/154 (182)  AC: 30    Str: 27    XL:     22   Next: 83%
MP:   0/36          EV: 22    Int:  6    God:    Qazlal [*****.]
Gold: 2915          SH: 26    Dex: 17    Spells: 21/21 levels left

rFire   + + +      SeeInvis .    a - +8 mithril axe "Arga" {speed, Will+}
rCold   . . .      Faith    +    n - +4 kite shield {reflect}
rNeg    . . .      Spirit   +    i - +6 ring mail of Fortitude {Rampage Int-4 Slay+4}
rPois   .          Reflect  +    (helmet unavailable)
rElec   .          Harm     .    N - +2 cloak {Will+}
rCorr   .          Rampage  +    Y - +2 pair of gloves of Asceticism {Dex+4 Slay+6}
Will    +++..                    F - +2 pair of boots
Stlth   +.........               B - amulet of faith
HPRegen 0.45/turn                c - ring of protection from fire
MPRegen 0.50/turn                G - ring of protection from fire

@: agile, protected from physical damage, heavily drained, repel missiles
A: horns 3, molten scales 3, powered by pain 2, augmentation 1, magic shield,
magic regeneration, magic link
}: 2/15 runes: serpentine, barnacled
a: Renounce Religion, Upheaval, Elemental Force, Disaster Area


You were on level 4 of the Vaults.
You worshipped Qazlal.
Qazlal was extremely pleased with you.
You visited 8 branches of the dungeon, and saw 39 of its levels.
You also visited: Sewer, Ossuary and Wizlab.

You collected 6179 gold pieces.
You spent 3264 gold pieces at shops.

Inventory:

Hand Weapons
 a - the +8 mithril axe "Arga" (weapon) {speed, Will+}
   (You acquired it on level 9 of the Dungeon)

   Attacks with this weapon are significantly faster.
   Will:      It increases your willpower.
 K - a +3 war axe of flaming
Missiles
 o - 4 atropa-tipped darts
 u - 32 boomerangs (quivered)
 I - 34 javelins
 T - 5 throwing nets
Armour
 i - the +6 ring mail of Fortitude (worn) {Rampage Int-4 Slay+4}
   (You took it off a salamander on level 2 of the Snake Pit)

   Int:       It affects your intelligence (-4).
   Slay:      It affects your accuracy & damage with ranged weapons and melee
   (+4).
   Rampage:   It bestows one free step when moving towards enemies.
 n - a +4 kite shield of reflection (worn)
 F - a +2 pair of boots (worn)
 N - a +2 cloak of willpower (worn)
 Y - the +2 pair of gloves of Asceticism (worn) {Dex+4 Slay+6}
   (You found it on level 2 of the Vaults)

   Dex:       It affects your dexterity (+4).
   Slay:      It affects your accuracy & damage with ranged weapons and melee
   (+6).
Jewellery
 b - a ring of resist corrosion
 c - a ring of protection from fire (left hand)
 h - a +4 ring of protection
 z - a ring of poison resistance
 B - an amulet of faith (around neck)
 D - a ring of willpower
 G - a ring of protection from fire (right hand)
 M - a ring of protection from cold
 R - a ring of flight
 S - a ring of see invisible
 U - the ring of the Skies Above {rElec rN+ rCorr EV+4 Dex-4}
   (You bought it in a shop on level 3 of the Snake Pit)

   [ring of evasion]

   EV:        It affects your evasion (+4).
   Dex:       It affects your dexterity (-4).
   rElec:     It insulates you from electricity.
   rN:        It protects you from negative energy.
   rCorr:     It protects you from acid and corrosion.
Wands
 r - a wand of mindburst (17)
 E - a wand of charming (21)
 L - a wand of roots (34)
 Q - a wand of quicksilver (16)
Scrolls
 f - 14 scrolls of teleportation
 g - 8 scrolls of blinking
 l - a scroll of summoning
 s - a scroll of butterflies
 w - 8 scrolls of immolation
 y - a scroll of enchant weapon
 H - 5 scrolls of poison
 J - 3 scrolls of fear
 O - a scroll of silence
Potions
 d - 7 potions of might
 k - a potion of resistance
 m - 3 potions of invisibility
 t - 11 potions of haste
 v - 3 potions of berserk rage
 x - 12 potions of curing
 P - 4 potions of cancellation
 W - 4 potions of heal wounds
Miscellaneous
 e - a phantom mirror
 j - a lightning rod (4/4)
 q - a condenser vane
 V - a tin of tremorstones (1/2)


   Skills:
 + Level 17.3 Fighting
 - Level 17.9(18.0) Axes
 + Level 2.2(11.9) Polearms
 + Level 4.2 Throwing
 + Level 10.6 Armour
 + Level 11.4 Dodging
 - Level 2.8 Stealth
 + Level 19.1 Shields
 * Level 21.6 Invocations
 * Level 17.2 Evocations


You had 21 spell levels left.
You didn't know any spells.
Your spell library contained the following spells:

 Spells                   Type           Power      Damage    Failure   Level
 Apportation              Tloc           0%         N/A       69%         1
 Beastly Appendage        Tmut           0%         N/A       69%         1
 Foxfire                  Conj/Fire      0%         2x1d4     69%         1
 Kiss of Death            Conj/Necr      0%         2d5       69%         1
 Magic Dart               Conj           0%         1d3       69%         1
 Necrotise                Necr           0%         1d4       69%         1
 Blink                    Tloc           0%         N/A       83%         2
 Call Imp                 Summ           0%         N/A       83%         2
 Ensorcelled Hibernation  Hex/Ice        0%         N/A       83%         2
 Searing Ray              Conj           0%         2d4       83%         2
 Sublimation of Blood     Necr           0%         N/A       83%         2
 Wereblood                Tmut           0%         N/A       83%         2
 Call Canine Familiar     Summ           0%         N/A       96%         3
 Confusing Touch          Hex            0%         N/A       96%         3
 Gell's Gravitas          Tloc           0%         N/A       96%         3
 Ignite Poison            Fire/Tmut/Pois 0%         N/A       96%         3
 Inner Flame              Hex/Fire       0%         N/A       96%         3
 Kindle Blastsparks       Fire/Tloc/Air  0%         2d10      96%         3
 Lesser Beckoning         Tloc           0%         N/A       96%         3
 Mephitic Cloud           Conj/Pois/Air  0%         N/A       96%         3
 Ozocubu's Armour         Ice            0%         N/A       96%         3
 Portal Projectile        Hex/Tloc       0%         N/A       96%         3
 Spider Form              Tmut/Pois      0%         N/A       96%         3
 Teleport Other           Tloc           0%         N/A       96%         3
 Tukima's Dance           Hex            0%         N/A       96%         3
 Vampiric Draining        Necr           0%         2d6       96%         3
 Anguish                  Hex/Necr       0%         N/A       100%        4
 Animate Dead             Necr           0%         N/A       100%        4
 Cause Fear               Hex            0%         N/A       100%        4
 Dispel Undead            Necr           0%         3d6       100%        4
 Fulminant Prism          Conj/Hex       0%         3d5       100%        4
 Iskenderun's Mystic Bla  Conj/Tloc      0%         2d3       100%        4
 Leda's Liquefaction      Hex/Erth       0%         N/A       100%        4
 Manifold Assault         Tloc           0%         N/A       100%        4
 Petrify                  Tmut/Erth      0%         N/A       100%        4
 Sticky Flame             Conj/Fire      0%         2d3       100%        4
 Summon Lightning Spire   Summ/Air       0%         N/A       100%        4
 Agony                    Necr           0%         N/A       100%        5
 Alistair's Intoxication  Tmut/Pois      0%         N/A       100%        5
 Blade Hands              Tmut           0%         N/A       100%        5
 Borgnjor's Vile Clutch   Necr/Erth      0%         N/A       100%        5
 Fireball                 Conj/Fire      0%         3d3       100%        5
 Freezing Cloud           Conj/Ice/Air   0%         6-21      100%        5
 Irradiate                Conj/Tmut      0%         3d11      100%        5
 Lee's Rapid Deconstruct  Erth           0%         3d4*      100%        5
 Metabolic Englaciation   Hex/Ice        0%         N/A       100%        5
 Death Channel            Necr           0%         N/A       100%        6
 Simulacrum               Ice/Necr       0%         N/A       100%        6
 Starburst                Conj/Fire      0%         6d3       100%        6
 Statue Form              Tmut/Erth      0%         N/A       100%        6
 Dragon Form              Tmut           0%         N/A       100%        7
 Haunt                    Necr/Summ      0%         N/A       100%        7
 Ozocubu's Refrigeration  Ice            0%         4d7       100%        7
 Storm Form               Tmut/Air       0%         N/A       100%        7
 Summon Hydra             Summ           0%         N/A       100%        7
 Borgnjor's Revivificati  Necr           0%         N/A       100%        8
 Discord                  Hex            0%         N/A       100%        8
 Ignition                 Fire           0%         3d3       100%        8
 Infestation              Necr           0%         N/A       100%        8
 Maxwell's Capacitive Co  Air            0%         ∞         100%        8
 Necromutation            Tmut/Necr      0%         N/A       100%        8
 Chain Lightning          Conj/Air       0%         N/A       100%        9
 Death's Door             Necr           0%         N/A       100%        9
 Dragon's Call            Summ           0%         N/A       100%        9
 Fire Storm               Conj/Fire      0%         5d1       100%        9
 Shatter                  Erth           0%         3d5*      100%        9


Dungeon Overview and Level Annotations

Branches:
Dungeon (15/15)            Temple (1/1) D:5            Lair (5/5) D:9
 Shoals (4/4) Lair:3        Snake (4/4) Lair:3        Slime (0/5) Lair:4
    Orc (2/2) D:12            Elf (3/3) Orc:2        Vaults (5/5) D:13
  Crypt (0/3) Vaults:2     Depths (0/4) D:15          Sewer (visited)
Ossuary (visited)          WizLab (visited)

Altars:
Ashenzari
Cheibriados
Dithmenos
Fedhas
Gozag
Hepliaklqana
Kikubaaqudgha
Makhleb
Nemelex Xobeh
Okawaru
Qazlal
Ru
Sif Muna
Trog
Uskayaw
Vehumet
Wu Jian
Xom
Yredelemnul
Jiyva

Shops:
D:14 ?[!   Orc:2 ([:!   Elf:2 ?   Snake:1 ?   Snake:2 :*:   Snake:3 ::=
Vaults:2 :   Vaults:3 (   Vaults:5 ?!(=*

Annotations:
D:8 2 transporters, Lobster4's ghost, novice DEHW


Innate Abilities, Weirdness & Mutations

You have a pair of large horns on your head.
You are completely covered in molten scales. (AC +4, rF+)
You sometimes gain power by taking damage.
Your magical and physical power is slightly enhanced at high health.
When hurt, damage is shared between your health and your magic reserves.
You regenerate magic rapidly.
When low on magic, you restore magic in place of health.


Message History

You feel more protected from physical attacks.
The shadow dragon is engulfed in blazing flames.
The shadow dragon breathes negative energy at you.
The bolt of negative energy misses you.
The deep elf high priest barely misses your earth elemental.
The vault warden is engulfed in freezing vapours.
The titan hits your earth elemental but does no damage.
You slice the vault warden!! You headbutt the vault warden!!
The vault warden is almost dead.
You closely miss the shadow dragon. You completely miss the vault warden.
The vault warden is almost dead.
You slice the shadow dragon!!
You hear a screech!
The deep elf high priest is engulfed in freezing vapours.
The deep elf high priest barely misses your earth elemental.
The titan hits your earth elemental!!!
Your earth elemental is destroyed!
Your earth elemental disappears in a puff of smoke!
The shadow dragon bites you but does no damage.
The shadow dragon misses you. You block the shadow dragon's attack.
The vault warden is engulfed in blazing flames.
You kill the vault warden!
Qazlal accepts your kill.
The runic seals fade away.
The shadow dragon breathes negative energy at you.
The bolt of negative energy hits you!
You feel drained.
* * * LOW HITPOINT WARNING * * *
The deep elf high priest is engulfed in freezing vapours.
You kill the deep elf high priest!
Qazlal accepts your kill.
You climb upwards.
There is a stone staircase leading down, spattered with blood here.
You closely miss the shadow dragon.
The shadow dragon is severely wounded.
You slash the shadow dragon!
The shadow dragon is almost dead.
The shadow dragon breathes negative energy at you.
The bolt of negative energy hits you!!!
You feel drained.
You die...

#.#.#.#)..'.# #.# #.#######'##'
#########.#.####.####.# #.....
#.......#.##..##.##..## #.....
#.###.###.####.....### #.....
#.#.....#.# ####### #.....
#####.###.# #.....
......#...##################.....
#.#.#.###.'....[[[.#...(...######
#(#.#.#.#.#....!@☼○'.......#
#####.#.#.#....○D[○'.......#
..........#.......)'.......#
###########........#.......#
#........#.......#
##########.......# #.......#
#########


You could see a shadow dragon (catching breath).

Vanquished Creatures
  A dread lich (Vaults:4)
  Mara (Shoals:3)
  The ghost of Joetwoph the Wrestler, a veteran OgTm of Ashenzari (Vaults:3)
  Vashnia (Snake:2)
  The ghost of Lobster4 the Warrior, an adept HOWn of Fedhas (Vaults:2)
  A tentacled monstrosity (Vaults:4)
  Mlioglotl (Shoals:2)
  4 deep elf master archers (Elf:3)
  3 titans
  3 deep elf blademasters
  2 quicksilver dragons (Vaults:4)
  Polyphemus (Shoals:2)
  6 sphinxes
  A kraken (Shoals:3)
  4 ancient champions (WizLab)
  Kirke (D:12)
  A shadow dragon (Vaults:5)
  Frances (D:12)
  11 tengu reavers
  Roxanne (Shoals:3)
  6 revenants (WizLab)
  2 fire giants
  3 nagarajas
  2 frost giants
  7 deep elf sorcerers
  9 vault wardens
  2 deep elf elementalists (Elf:3)
  Louise (D:15)
  3 war gargoyles
  A quicksilver ooze (shapeshifter) (Vaults:4)
  Aizul (Snake:3)
  6 stone giants
  10 ironbound preservers
  2 very ugly things
  7 ironbound thunderhulks
  6 halazid warlocks (WizLab)
  6 dire elephants (Vaults:2)
  7 deep elf demonologists
  6 deep elf annihilators
  3 minotaurs (Shoals:4)
  2 eidola
  13 deep elf death magi
  10 ettins
  3 merfolk javelineers
  Snorg (D:11)
  A crystal guardian (Vaults:3)
  A spectral quicksilver dragon (WizLab)
  A quicksilver dragon zombie (WizLab)
  A fire dragon (D:15)
  5 deep elf high priests
  An entropy weaver (shapeshifter) (Vaults:4)
  4 great orbs of eyes
  4 jiangshi (WizLab)
  2 entropy weavers
  13 yaktaur captains
  31 vault guards
  5 salamander tyrants
  Erolcha (D:11)
  14 hydras
  An ice dragon (D:15)
  4 catoblepae
  4 merfolk avatars
  3 alligator snapping turtles
  4 ogre magi
  3 peacekeepers
  3 boulder beetles
  4 merfolk aquamancers
  A two-headed ogre (shapeshifter) (Vaults:4)
  8 ironbound frosthearts
  14 anacondas
  7 centaur warriors
  13 satyrs (Shoals:4)
  29 dancing weapons
  10 two-headed ogres
  11 naga warriors
  A vampire mage (Vaults:2)
  13 shock serpents
  2 tengu warriors
  9 death yaks
  14 naga sharpshooters
  21 deep elf knights
  Nergalle (Orc:2)
  3 skeletal warriors (WizLab)
  A storm dragon zombie (Vaults:1)
  10 salamander mystics
  Amaemon (Lair:1)
  3 shadow wraiths
  A swamp dragon (Lair:5)
  A deep troll (shapeshifter) (Vaults:5)
  A death drake (shapeshifter) (D:14)
  A glowing orange brain (shapeshifter) (Vaults:5)
  33 deep trolls
  13 sea snakes
  21 deep elf archers
  7 naga ritualists
  A glowing orange brain (Vaults:2)
  3 orc knights
  6 wizards
  14 lindwurms
  A flayed ghost (WizLab)
  34 deep elf pyromancers
  6 phantasmal warriors
  30 deep elf zephyrmancers
  29 harpies
  7 ironbound convokers
  14 mana vipers
  9 orc sorcerers (Orc:2)
  9 necromancers
  14 fauns
  A human zombie (Vaults:1)
  30 salamanders
  11 cyclopes
  A manticore (shapeshifter) (D:15)
  12 manticores
  20 ugly things
  3 elf zombies
  16 naga magi
  Maurice (D:8)
  3 elephants
  7 merfolk sirens
  7 guardian serpents
  15 vault sentinels
  5 water nymphs
  43 black mambas
  A fire giant skeleton (Vaults:1)
  2 gargoyles (D:11)
  A molten gargoyle (Lair:3)
  7 cane toads
  Maggie (D:6)
  6 rime drakes (Lair:5)
  2 freezing wraiths (Vaults:2)
  15 yaktaurs
  8 komodo dragons
  A spectral harpy (WizLab)
  5 polar bears
  17 merfolk
  2 trolls
  8 wind drakes
  2 tarantellas (shapeshifter) (Vaults:4)
  2 hornets
  A slime creature (shapeshifter) (Vaults:4)
  15 blink frogs
  10 snapping turtles
  17 dream sheep
  44 slime creatures
  A spriggan zombie (WizLab)
  10 flying skulls (WizLab)
  2 vampires
  44 yaks
  6 wraiths
  6 fire elementals
  13 water elementals
  4 wyverns
  5 hogs (D:12)
  3 basilisks
  Eustachio (D:6)
  A redback (Vaults:2)
  9 vampire mosquitoes
  3 wargs
  3 acid dragons
  53 nagas
  Edmund (D:6)
  A floating eye (shapeshifter) (Vaults:5)
  9 water moccasins
  A glowing shapeshifter skeleton (Vaults:1)
  A swamp drake (shapeshifter) (Vaults:5)
  2 sky beasts
  20 orc warriors
  2 swamp drakes
  9 black bears
  10 ogres
  An ice beast (D:8)
  3 boggarts (Vaults:2)
  5 wolves
  7 bullfrogs
  7 kobold brigands
  Blork the orc (D:3)
  2 necrophages (D:6)
  A gnoll sergeant (D:8)
  An earth elemental (Elf:2)
  4 scorpions
  13 wights
  6 killer bees (D:8)
  3 jellies
  6 electric eels (D:8)
  2 howler monkeys
  A crimson imp (Orc:2)
  8 orc priests
  2 hounds
  A hound (shapeshifter) (Vaults:5)
  A gnoll bouda (D:9)
  An iron imp (Orc:2)
  41 orc wizards
  4 hell rats
  12 iguanas
  3 mummies (Ossuary)
  10 gnolls
  4 river rats (Sewer)
  12 adders
  A shadow imp (D:7)
  2 white imps
  2 ufetubi
  An adder zombie (Ossuary)
  7 worms
  4 dart slugs
  87 orcs
  5 endoplasms
  5 giant cockroaches
  7 hobgoblins
  4 jackals
  11 kobolds
  4 quokkas
  15 ball pythons
  6 bats
  3 frilled lizards (D:1)
  11 goblins
  5 goblin zombies (Ossuary)
  3 hobgoblin zombies (Ossuary)
  A kobold zombie (Ossuary)
  An orc zombie (Ossuary)
  A quokka zombie (Ossuary)
  7 rats
  6 rat zombies (Ossuary)
  A tentacle (Shoals:3)
1626 creatures vanquished.

Vanquished Creatures (collateral kills)
  A fire giant (Vaults:5)
  An ironbound preserver (Vaults:3)
  A dire elephant (Vaults:2)
  A deep elf death mage (WizLab)
  A yaktaur captain (Vaults:3)
  A merfolk javelineer (Shoals:4)
  A fire dragon (Lair:5)
  A merfolk impaler (Shoals:4)
  A salamander tyrant (Snake:4)
  2 anacondas (Snake:4)
  A centaur warrior (Vaults:1)
  3 satyrs (Shoals:4)
  A boulder beetle (D:15)
  6 death yaks
  A naga warrior (Snake:3)
  A naga sharpshooter (Snake:2)
  2 shock serpents (Snake:4)
  Sonja (D:12)
  A skeletal warrior (WizLab)
  A sea snake (Shoals:4)
  A deep elf pyromancer (Elf:3)
  An orc knight (D:15)
  A manticore (Shoals:2)
  A faun (Shoals:4)
  4 salamanders (Snake:4)
  A naga mage (Snake:4)
  A water nymph (Shoals:4)
  An orange demon (Lair:1)
  A black mamba (Snake:4)
  3 blink frogs (Lair:5)
  A vampire mosquito (D:12)
  6 nagas
  An ogre (D:15)
  An orc warrior (D:15)
  2 orcs
55 creatures vanquished.

Vanquished Creatures (others)
  A deep elf zephyrmancer (Elf:3)
  A necromancer (WizLab)
  2 manticores (Shoals:4)
  An unseen horror (D:12)
  A dream sheep (Shoals:1)
  A flying skull (WizLab)
  A naga (Snake:4)
  An orc wizard (Orc:2)
  A shadow imp (Orc:2)
  4 orcs (Orc:2)
  17 fungi
  91 plants
  4 tentacles (Shoals:3)
126 creatures vanquished.

Grand Total: 1807 creatures vanquished

Notes
Turn   | Place    | Note
-------+----------+-------------------------------------------
     0 | D:1      | jlumianski the Demonspawn Fighter began the quest for the
                  | Orb.
     0 | D:1      | Reached XP level 1. HP: 18/18 MP: 1/1
   233 | D:1      | Gained mutation: You are partially covered in molten
                  | scales. (AC +2) [demonic ancestry]
   233 | D:1      | Reached XP level 2. HP: 23/24 MP: 2/2
   950 | D:2      | Gained mutation: You have a pair of small horns on your
                  | head. [demonic ancestry]
   950 | D:2      | Reached XP level 3. HP: 24/29 MP: 3/3
   964 | D:2      | Identified the +3 scale mail "Bemno" {+Blink rElec rF-
                  | Dex-2}
  1109 | D:3      | Found a bloodstained altar of Trog.
  1266 | D:3      | Gained mutation: You have a pair of horns on your head.
                  | [demonic ancestry]
  1266 | D:3      | Reached XP level 4. HP: 32/35 MP: 4/4
  1567 | D:3      | Found a glowing drain.
  1581 | Sewer    | Entered a sewer
  1596 | Sewer    | Gained mutation: You regenerate magic rapidly. [demonic
                  | ancestry]
  1596 | Sewer    | Reached XP level 5. HP: 39/41 MP: 5/5
  1696 | Sewer    | Gained mutation: You sometimes gain a little power by
                  | taking damage. [demonic ancestry]
  1696 | Sewer    | Reached XP level 6. HP: 26/47 MP: 6/6
  2314 | D:5      | Entered Level 5 of the Dungeon
  2433 | D:4      | Reached skill level 5 in Axes
  2433 | D:4      | Reached XP level 7. HP: 54/55 MP: 7/7
  2735 | D:4      | Reached skill level 1 in Dodging
  3132 | D:4      | Noticed Blork the orc
  3150 | D:3      | Killed Blork the orc
  3265 | D:3      | Reached skill level 1 in Throwing
  3418 | D:2      | Found a faded altar of an unknown god.
  3784 | D:2      | You fall into a shaft and drop 1 floor!
  4464 | D:6      | Noticed Edmund
  4476 | D:6      | Killed Edmund
  4477 | D:6      | Gained mutation: You have a pair of large horns on your
                  | head. [demonic ancestry]
  4477 | D:6      | Reached XP level 8. HP: 9/61 MP: 8/8
  4482 | D:6      | Found a hide-covered altar of Uskayaw.
  4483 | D:6      | Found a broken altar of Ashenzari.
  4487 | D:6      | Found a sparkling altar of Nemelex Xobeh.
  4487 | D:6      | Found a blossoming altar of Fedhas.
  4510 | D:6      | Found a sand-covered staircase.
  4514 | Ossuary  | Entered an ossuary
  5064 | D:5      | Found a staircase to the Ecumenical Temple.
  5073 | Temple   | Entered the Ecumenical Temple
  5096 | Temple   | Became a worshipper of Qazlal Stormbringer
  5126 | Temple   | Reached skill level 5 in Fighting
  5745 | D:5      | Found an ornate altar of the Wu Jian Council.
  6075 | D:6      | Noticed Eustachio
  6094 | D:6      | Killed Eustachio
  6095 | D:6      | Reached skill level 1 in Invocations
  6095 | D:6      | Reached skill level 1 in Evocations
  6141 | D:6      | Reached XP level 9. HP: 68/68 MP: 10/10
  6506 | D:6      | Reached skill level 2 in Invocations
  6509 | D:6      | Noticed Maggie
  6528 | D:6      | Killed Maggie
  6930 | D:7      | Reached * piety under Qazlal
  6963 | D:7      | Reached skill level 1 in Stealth
  6979 | D:7      | Reached skill level 3 in Invocations
  7587 | D:7      | Reached skill level 4 in Invocations
  8042 | D:8      | Found a transporter.
  8160 | D:8      | Noticed Maurice
  8182 | D:8      | Killed Maurice
  8307 | D:8      | Noticed a two-headed ogre
  8330 | D:8      | Killed a two-headed ogre
  8331 | D:8      | Reached skill level 5 in Armour
  8331 | D:8      | Reached skill level 5 in Invocations
  8331 | D:8      | Gained mutation: You sometimes gain power by taking damage.
                  | [demonic ancestry]
  8331 | D:8      | Reached XP level 10. HP: 76/76 MP: 13/13
  8352 | D:8      | Identified the +0 leather armour "Xiuch" {Str+2 Dex+3}
  8412 | D:8      | Reached ** piety under Qazlal
  8599 | D:8      | Noticed a centaur warrior
  8600 | D:8      | Noticed Lobster4's ghost (novice DEHW)
  8650 | D:8      | Found a transporter.
  8953 | D:8      | Noticed a manticore
  8962 | D:8      | Killed a manticore
  9081 | D:8      | Reached skill level 10 in Axes
  9331 | D:9      | Found a shimmering blue altar of Sif Muna.
  9436 | D:8      | Reached skill level 5 in Shields
  9525 | D:8      | Reached skill level 5 in Evocations
  9656 | D:9      | Noticed an elephant
  9669 | D:9      | Killed an elephant
  9669 | D:9      | Reached *** piety under Qazlal
  9670 | D:9      | Reached skill level 6 in Invocations
  9687 | D:9      | Reached XP level 11. HP: 81/82 MP: 15/15
  9716 | D:9      | Found a staircase to the Lair.
  9765 | D:9      | Identified a scroll of acquirement
  9768 | D:9      | Acquired the +8 mithril axe "Arga" {speed, Will+}
  9768 | D:9      | Found the +8 mithril axe "Arga" {speed, Will+}
  9788 | D:10     | Entered Level 10 of the Dungeon
 10192 | D:9      | Found an opulent altar of Gozag.
 11296 | D:10     | Found a hazy altar of Hepliaklqana.
 11344 | D:11     | Reached skill level 7 in Invocations
 11436 | D:11     | Upgraded the game from 0.30-a0-358-g0d69a1922f to
                  | 0.30-a0-359-gd0147acb1a
 11523 | D:11     | Reached **** piety under Qazlal
 11605 | D:11     | Noticed Erolcha
 11612 | D:11     | Killed Erolcha
 11849 | D:11     | Noticed Snorg
 11867 | D:11     | Killed Snorg
 11944 | D:11     | Reached skill level 8 in Invocations
 12114 | D:11     | Noticed a two-headed ogre
 12130 | D:11     | Killed a two-headed ogre
 12131 | D:11     | Gained mutation: When hurt, damage is shared between your
                  | health and your magic reserves. [demonic ancestry]
 12131 | D:11     | Reached XP level 12. HP: 40/91 MP: 18/18
 12710 | D:12     | Noticed Kirke
 12724 | D:12     | Killed Kirke
 13235 | D:12     | Noticed Sonja
 13254 | D:12     | Killed Sonja
 13255 | D:12     | Reached skill level 9 in Invocations
 13566 | D:12     | Found a staircase to the Orcish Mines.
 14226 | D:13     | Noticed a centaur warrior
 14232 | D:13     | Killed a centaur warrior
 14443 | D:13     | Noticed a two-headed hydra
 14454 | D:13     | Killed a two-headed hydra
 14505 | D:13     | Found a large runed translucent door.
 14509 | D:13     | Found a large runed translucent door.
 14927 | D:13     | Noticed a four-headed hydra
 14943 | D:13     | Noticed Frances
 14973 | D:13     | HP: 2/78 [Frances/+2 war axe of draining (7)]
 15263 | Orc:1    | Entered Level 1 of the Orcish Mines
 15553 | Orc:2    | Entered Level 2 of the Orcish Mines
 15830 | Orc:1    | Reached XP level 13. HP: 85/88 MP: 20/20
 15859 | Orc:2    | Reached skill level 10 in Invocations
 16020 | Orc:2    | Found an ancient bone altar of Kikubaaqudgha.
 16020 | Orc:2    | Noticed Nergalle
 16044 | Orc:2    | Killed Nergalle
 16068 | Orc:2    | Found Bahech's Antique Weapon Shop.
 16111 | Orc:2    | Found a radiant altar of Vehumet.
 16144 | Orc:2    | Found Goageumu's Antique Armour Boutique.
 16360 | Orc:2    | Found Ygekoros's Distillery.
 16364 | Orc:2    | Found Wuqigar's Book Boutique.
 16381 | Orc:2    | Bought a potion of cancellation for 96 gold pieces
 16381 | Orc:2    | Bought a potion of might for 48 gold pieces
 16381 | Orc:2    | Bought a potion of might for 48 gold pieces
 16428 | Orc:2    | Noticed an ettin
 16437 | Orc:2    | Killed an ettin
 16461 | Orc:2    | Found a staircase to the Elven Halls.
 16807 | Orc:2    | Identified the +3 hat of Fyomadd {-Tele rElec Dex+7}
 17338 | Orc:1    | Found a burning altar of Makhleb.
 17451 | Orc:1    | Reached ***** piety under Qazlal
 17816 | Lair:1   | Entered Level 1 of the Lair of Beasts
 17979 | Lair:1   | Noticed Amaemon
 18019 | Lair:1   | Killed Amaemon
 19159 | Lair:2   | Reached skill level 11 in Invocations
 19943 | Lair:3   | Gained mutation: You are mostly covered in molten scales.
                  | (AC +3) [demonic ancestry]
 19943 | Lair:3   | Reached XP level 14. HP: 105/108 MP: 22/22
 20044 | Lair:3   | Found a staircase to the Snake Pit.
 20287 | Lair:3   | Found a staircase to the Shoals.
 20643 | Lair:4   | Reached skill level 5 in Dodging
 20851 | Lair:4   | Found a viscous altar of Jiyva.
 20852 | Lair:4   | Found a staircase to the Slime Pits.
 21126 | Lair:5   | Entered Level 5 of the Lair of Beasts
 21410 | Lair:5   | Reached skill level 1 in Polearms
 21485 | Lair:5   | Reached skill level 12 in Invocations
 21767 | Lair:5   | Identified the +6 sling "Qoif" {flame, Int+4}
 22645 | Lair:5   | Reached skill level 10 in Evocations
 23032 | Lair:5   | Reached ****** piety under Qazlal
 24058 | D:13     | Reached XP level 15. HP: 105/115 MP: 24/24
 24312 | D:12     | Killed Frances
 24313 | D:12     | Reached skill level 15 in Axes
 24615 | D:13     | Found a gate to the Vaults.
 24753 | D:14     | Reached skill level 13 in Invocations
 24792 | D:14     | Reached skill level 10 in Fighting
 25059 | D:15     | Entered Level 15 of the Dungeon
 25189 | D:14     | Acquired a manual of Shields
 25210 | D:14     | Found Othrus's Armour Shop.
 25257 | D:14     | Found Erisof's Distillery.
 25260 | D:14     | Bought 2 potions of heal wounds for 150 gold pieces
 25260 | D:14     | Bought a potion of berserk rage for 75 gold pieces
 25362 | D:14     | Found Cedan's Magic Scroll Shop.
 25368 | D:14     | Bought a scroll of blinking for 112 gold pieces
 25368 | D:14     | Bought a scroll of blinking for 112 gold pieces
 25462 | D:15     | Noticed Louise
 25476 | D:15     | Killed Louise
 26375 | D:15     | Found a staircase to the Depths.
 27004 | Snake:1  | Entered Level 1 of the Snake Pit
 27297 | Lair:3   | Reached skill level 14 in Invocations
 27934 | Snake:1  | You fall into a shaft and drop 1 floor!
 27944 | Snake:2  | Reached XP level 16. HP: 58/123 MP: 26/26
 27957 | Snake:2  | Identified the +6 ring mail of Fortitude {Rampage Int-4
                  | Slay+4}
 28251 | Snake:1  | Found Gauluabu's Magic Scroll Emporium.
 28282 | Snake:1  | Bought a scroll of brand weapon for 104 gold pieces
 28282 | Snake:1  | Bought a scroll of enchant armour for 82 gold pieces
 28282 | Snake:1  | Bought a scroll of brand weapon for 104 gold pieces
 28897 | Snake:2  | Found Zucoirph's Book Shop.
 28938 | Snake:2  | Noticed Vashnia
 29113 | Snake:2  | Reached skill level 10 in Shields
 29431 | Snake:2  | Killed Vashnia
 29803 | Snake:2  | Found a stormy altar of Qazlal.
 29845 | Snake:2  | Found Pum Pigu's CLEARANCE SALE!.
 29851 | Snake:2  | Bought a wand of mindburst (8) for 67 gold pieces
 29967 | Snake:2  | Found Etremi's Tremendous Tomes.
 30380 | Snake:3  | Reached skill level 15 in Invocations
 31300 | Snake:3  | Identified the +0 scale mail of Focus {rElec Stlth+}
 31396 | Snake:3  | Found Noaxumytu's Book Shop.
 31397 | Snake:3  | Found Unlyar's Jewellery Emporium.
 31398 | Snake:3  | Found Pitint's Book Shop.
 31411 | Snake:3  | Bought an amulet of magic regeneration for 360 gold pieces
 31411 | Snake:3  | Bought a ring of flight for 210 gold pieces
 31411 | Snake:3  | Bought a ring of see invisible for 180 gold pieces
 31411 | Snake:3  | Bought the ring of the Skies Above {rElec rN+ rCorr EV+4
                  | Dex-4} for 616 gold pieces
 31500 | Snake:4  | Entered Level 4 of the Snake Pit
 32563 | Snake:3  | Reached XP level 17. HP: 113/131 MP: 22/28
 32917 | Snake:4  | Noticed Aizul
 32938 | Snake:3  | Killed Aizul
 33800 | Snake:4  | Reached skill level 16 in Invocations
 35027 | Snake:4  | Got a serpentine rune of Zot
 35455 | Shoals:1 | Entered Level 1 of the Shoals
 35955 | Shoals:2 | Noticed Polyphemus
 36615 | Shoals:2 | Gained mutation: Your magical and physical power is
                  | slightly enhanced at high health. [demonic ancestry]
 36615 | Shoals:2 | Reached XP level 18. HP: 140/140 MP: 30/30
 36639 | Shoals:2 | Noticed Mlioglotl
 36652 | Shoals:2 | Killed Mlioglotl
 37131 | Shoals:2 | Reached skill level 17 in Invocations
 37143 | Shoals:2 | Killed Polyphemus
 37810 | Shoals:4 | Entered Level 4 of the Shoals
 37810 | Shoals:4 | Noticed Mara
 37864 | Shoals:4 | Noticed jlumianski's illusion
 37871 | Shoals:3 | Killed Mara
 38546 | Shoals:3 | Identified Roxanne's Dissertation on Moulding
 38546 | Shoals:3 | Noticed Roxanne
 38563 | Shoals:3 | Killed Roxanne
 39587 | Shoals:4 | Reached skill level 15 in Shields
 40206 | Shoals:4 | Gained mutation: When low on magic, you restore magic in
                  | place of health. [demonic ancestry]
 40206 | Shoals:4 | Reached XP level 19. HP: 127/148 MP: 25/31
 40578 | Shoals:4 | Got a barnacled rune of Zot
 40703 | Shoals:4 | Acquired 826 gold pieces
 41393 | Vaults:1 | Entered Level 1 of the Vaults
 41585 | Vaults:1 | Reached skill level 18 in Invocations
 44052 | Vaults:3 | Identified the +2 cloak of Shrieking Music {rElec Dex+4}
 44255 | Vaults:2 | Found Piemujos's Book Emporium.
 44321 | Vaults:2 | Found a runed translucent door.
 44321 | Vaults:2 | Noticed Lobster4's ghost (adept HOWn)
 44659 | Vaults:2 | Reached XP level 20. HP: 129/159 MP: 30/33
 44857 | Vaults:2 | Found a staircase to the Crypt.
 44888 | Vaults:2 | Identified the +8 arbalest "Leviticus" {speed, rN+ Will+
                  | rCorr Int+4}
 45196 | Vaults:2 | Killed Lobster4's ghost
 45207 | Vaults:2 | Identified the +2 pair of gloves of Asceticism {Dex+4
                  | Slay+6}
 45903 | Vaults:3 | Found Geafotta's Antique Weapon Shop.
 45908 | Vaults:3 | Bought a masterwork executioner's axe for 585 gold pieces
 45908 | Vaults:3 | Identified the +10 executioner's axe of Zulyothai {vorpal,
                  | Contam rN+ Will+} (You bought it in a shop on level 3 of
                  | the Vaults)
 46049 | Vaults:3 | Identified the +7 great mace "Tenugood" {vorpal, Fragile
                  | rC+++ Str+3}
 46085 | Vaults:3 | Reached skill level 19 in Invocations
 46418 | Vaults:3 | Found a runed translucent gate.
 46418 | Vaults:3 | Found a runed translucent gate.
 46418 | Vaults:3 | Found a runed translucent gate.
 46419 | Vaults:3 | Noticed Joetwoph's ghost (veteran OgTm)
 46449 | Vaults:3 | Killed Joetwoph's ghost
 46963 | Vaults:4 | Reached skill level 15 in Evocations
 47422 | Vaults:5 | Entered Level 5 of the Vaults
 47811 | Vaults:4 | Reached skill level 10 in Armour
 48736 | Elf:1    | Entered Level 1 of the Elven Halls
 49235 | Elf:1    | Reached skill level 15 in Fighting
 49269 | Elf:1    | Got Foheb's Precepts of Maleficent Rites
 49665 | Elf:2    | Reached skill level 10 in Dodging
 49689 | Elf:2    | Found Humihuwk's Magic Scroll Boutique.
 49699 | Elf:2    | Bought a scroll of blinking for 105 gold pieces
 49715 | Elf:2    | Found a magical portal.
 49745 | WizLab   | Entered Borgnjor's Mausoleum
 50038 | WizLab   | Reached XP level 21. HP: 168/168 MP: 29/34
 50126 | WizLab   | Reached skill level 20 in Invocations
 52149 | Elf:3    | Entered Level 3 of the Elven Halls
 52197 | Elf:2    | Found a runed translucent gate.
 52250 | Elf:2    | Found a runed translucent gate.
 52253 | Elf:2    | Found a runed translucent gate.
 52255 | Elf:2    | Identified the +2 short sword of the Lamprey {venom, rPois
                  | rF+ rCorr Int-5}
 54215 | Elf:1    | Found a radiant altar of Vehumet.
 55107 | Elf:3    | Identified the +5 battleaxe of the Priest {drain, rElec
                  | rPois}
 55119 | Elf:3    | Identified the +4 halberd "Goblinslayer" {freeze, Stlth+}
 55538 | Elf:3    | Identified the +0 chain mail "Enofosch" {rElec rC+ Will+}
 55552 | Elf:3    | Gained mutation: You are completely covered in molten
                  | scales. (AC +4, rF+) [demonic ancestry]
 55552 | Elf:3    | Reached XP level 22. HP: 177/178 MP: 36/36
 56341 | Vaults:5 | Noticed a dread lich
 56420 | Vaults:4 | Killed a dread lich
 56421 | Vaults:4 | Reached skill level 21 in Invocations
 58935 | Vaults:5 | Found Leso's Distillery.
 58935 | Vaults:5 | Found Yduox's Magic Scroll Shoppe.
 59826 | Vaults:5 | Bought a scroll of enchant armour for 105 gold pieces
 59826 | Vaults:5 | Bought a scroll of enchant weapon for 105 gold pieces
 60217 | Vaults:5 | Found Lyrhok's General Store.
 60225 | Vaults:5 | Found Ulliuf's Antique Weapon Shoppe.
 60226 | Vaults:5 | Found Gytzenuh's Jewellery Shoppe.
 60494 | Vaults:4 | Killed from afar by a shadow dragon

Illustrated notes

Levels and vault maps discovered:
D:1:      roderic_crossed_star, layout_basic
D:2:      layout_loops_ring, shapermc_ecumenical_altar_petra, minmay_tall_x
D:3:      layout_rooms, mainiacjoe_overflow_cross_hatched,
          cheibrodos_sewer_entry_bend
D:4:      layout_cave_pods, corexii_leaking_fountain, grunt_decor_clamped,
          minmay_joined_circles, uniq_blork_the_orc
D:5:      layout_gridville, mainiacjoe_overflow_brackets,
          minmay_temple_entry_wispy, minmay_ogre_servants
D:6:      layout_loops_cross, chequers_temple_overflow_statue_of_worship,
          enter_ossuary_5, uniq_maggie, uniq_eustachio, uniq_edmund
D:7:      layout_loops_cross, kennysheep_generic_room_12
D:8:      cheibrodos_two_vegetables, layout_basic, nzn_ghost_randoct,
          uniq_maurice
D:9:      layout_cave_pods, mainiacjoe_overflow_paths,
          mainiacjoe_overflow_small_starburst, david_lair_generic
D:10:     layout_basic, lemuel_tele_altar
D:11:     layout_loops_ring, serial_rivers, chequers_serial_rivers_micro_b,
          chequers_serial_rivers_micro_d, chequers_serial_rivers_micro_d,
          chequers_serial_rivers_large_b, nicolae_tso_carved_into_rock,
          uniq_erolcha, uniq_snorg
D:12:     layout_stronghold, uniq_sonja, uniq_kirke
D:13:     doesnt_quadruple_sword, layout_basic, david_vaults_1, hangedman_ranch,
          uniq_frances
D:14:     layout_rooms, serial_shops, kennysheep_mini, kennysheep_mini_moat,
          nicolae_shop_hallway_plus
D:15:     grunt_enter_depths_hoard, layout_stronghold,
          hangedman_decor_clover_reticule, uniq_louise
Temple:   nicolae_temple_ecumenical_triangle
Lair:1:   beast_lair_carwin_large_1, layout_small_grid, uniq_amaemon
Lair:2:   layout_long_grid, beast_lair_carwin_1
Lair:3:   layout_gridlike, minmay_shoals_entry_lonely_mermaid,
          guppyfry_snake_entry_garden
Lair:4:   layout_small_grid, slime_entry_1, lemuel_fruit_tree
Lair:5:   guppyfry_lair_end_dragon, layout_cave_pods, hangedman_lair_in_review,
          grunt_megastairs_2
Shoals:1: layout_shoals
Shoals:2: layout_shoals, uniq_mlioglotl, uniq_polyphemus
Shoals:3: layout_shoals, nicolae_shoals_goliath_grotto, uniq_roxanne
Shoals:4: shoals_end_hellmonk_lost_city, uniq_mara
Snake:1:  layout_rooms, serial_shops, shop
Snake:2:  layout_misc_corridors, serial_shops, shop, basic_altar,
          nicolae_shop_i_like_big_books, nicolae_shop_clearance,
          grunt_megastairs_3, uniq_vashnia
Snake:3:  layout_cave_town, nicolae_snake_gridmaze_entwining, minmay_shop_grove
Snake:4:  snake_pit_salamanders_mu, layout_cave_town, drop_trap,
          serial_bayou_shore_b, uniq_aizul
Orc:1:    layout_caves, bloody_makhleb
Orc:2:    kennysheep_orc_mage_school, layout_caves, nicolae_orc_lava_tube,
          hangedman_minor_magic
Elf:1:    eino_elf_arrival_the_gate, layout_geoelf_diagonals,
          minmay_elf_necromancy, grunt_megastairs_5, lemuel_upstairs_altar
Elf:2:    elven_hall_of_blades_hangedman_original [mumra_blade_entry_bloodbath],
          layout_gridlike, mu_enter_wizlab_4, serial_shops, shop
Elf:3:    minmay_elf_hall_statues, layout_loops_corners
Vaults:1: vaults_room_semicircle, hangedman_vaults_trim, vaults_room_door_ring,
          v_misc_27, ontoclasm_vaults_twist, grunt_vaults_hallway_long,
          nicolae_vaults_mini_display_case,
          vaults_standard_mumra_enter_the_diamond, vaults_dpeg_diagonal,
          hangedman_vaults_restitches, hangedman_vaults_snaps,
          vaults_dpeg_emergency_exit, layout_vaults_chaotic_city
Vaults:2: ebering_ghost_reflecting_pool, vaults_room_grid,
          minmay_crypt_entry_simple_box, grunt_vaults_twisty,
          hangedman_vaults_pinch, nicolae_vaults_little_squares_3,
          hangedman_vaults_variations, nicolae_vaults_quartermaster,
          nicolae_vaults_yaktaur_gun_rack, vaults_mumra_minichess_inversion,
          nicolae_vaults_specimen_jars, nicolae_vaults_sealed_display,
          layout_vaults_omnigrid, serial_shops, shop
Vaults:3: ebering_ghost_rock_garden, ontoclasm_vaults_ring_small, v_misc_13,
          hangedman_vaults_corner, v_misc_16, v_misc_27, v_misc_8,
          st_spiral_rooms, v_misc_10, vaults_dpeg_ring, layout_vaults_omnicross,
          serial_shops, shop_statue
Vaults:4: grunt_vaults_hallway_short, vaults_dpeg_doors,
          nicolae_vaults_network_square, v_misc_11, nicolae_vaults_theta,
          v_misc_27, ontoclasm_vaults_ring_small, vaults_room_stairs_pillars,
          hangedman_vaults_stream, vaults_room_fours, vaults_room_semicircle,
          layout_vaults_maze_snakey
Vaults:5

Skill      XL: |  1  2  3  4  5  6  7  8  9 10 11 12 13 14 15 16 17 18 19 20 21 22 |
---------------+-------------------------------------------------------------------+-----
Shields        | 3 4 5 6 7 9 12 14 15 16 17 18 19 | 19.1
Axes           | 2 3 4 5 6 8 9 10 11 12 13 14 15 16 17 | 17.9
Armour         | 3 4 5 6 7 8 9 10 | 10.6
Fighting       | 4 5 6 7 8 9 10 11 12 14 15 16 17 | 17.3
Dodging        | 1 2 3 4 5 6 7 8 9 10 11 | 11.4
Throwing       | 1 2 3 4 |  4.2
Invocations    | 1 5 6 8 9 11 12 14 15 16 17 18 19 20 21 | 21.6
Evocations     | 1 3 5 6 7 9 10 11 12 13 14 15 16 17 | 17.2
Stealth        | 1 2 |  2.8
Polearms       | 1 2 |  2.2

Action                   |  1- 3 |  4- 6 |  7- 9 | 10-12 | 13-15 | 16-18 | 19-21 | 22-24 || total
-------------------------+-------+-------+-------+-------+-------+-------+-------+-------++-------
Melee: War axe           |   121 |   113 |    51 |       |       |       |       |       ||   285
       Headbutt          |    11 |    18 |    56 |   116 |   227 |   347 |   371 |    88 ||  1234
       Broad axe         |       |       |   294 |   527 |   837 |  1219 |  1168 |   269 ||  4314
       Trident           |       |       |       |     5 |    64 |       |       |       ||    69
Throw: Dart              |       |     1 |    54 |    18 |    10 |       |       |       ||    83
       Boomerang         |       |       |       |       |    14 |    24 |     8 |     5 ||    51
Invok: Upheaval          |       |       |       |     4 |     3 |     5 |     6 |     5 ||    23
       Elemental Force   |       |       |       |     4 |    12 |    18 |    12 |     5 ||    51
       Disaster Area     |       |       |       |       |       |     1 |     1 |       ||     2
 Abil: Evoke Blink       |       |       |       |     3 |     4 |       |       |       ||     7
Evoke: Wand              |       |       |     2 |     4 |     3 |       |     2 |       ||    11
       Lightning rod     |       |       |       |       |       |     5 |     7 |     2 ||    14
       Tin of tremorston |       |       |       |       |       |       |     1 |     2 ||     3
       Phantom mirror    |       |       |       |       |       |       |     1 |       ||     1
  Use: Scroll            |     4 |     1 |    11 |    11 |     9 |     1 |     8 |     1 ||    46
       Potion            |       |     2 |     5 |     4 |       |     1 |     1 |     1 ||    14
 Stab: Invisible         |       |     1 |     2 |       |       |       |       |       ||     3
       Paralysed         |       |       |       |     1 |     6 |    11 |     8 |     1 ||    27
       Petrified         |       |       |       |       |     2 |       |       |       ||     2
       Distracted        |       |       |       |       |     1 |       |     3 |     1 ||     5
       Confused          |       |       |       |       |     1 |       |       |       ||     1
Armor: Scale mail        |    67 |    55 |   202 |   306 |   377 |       |       |       ||  1007
       Skin              |       |       |     3 |       |       |       |       |       ||     3
       Swamp dragon scal |       |       |       |       |    38 |   333 |     1 |       ||   372
       Ring mail         |       |       |       |       |       |       |   200 |   101 ||   301
Dodge: Dodged            |    65 |    56 |   156 |   194 |   341 |   429 |   294 |   138 ||  1673
       Repelled          |       |       |       |     1 |     9 |    54 |    23 |    11 ||    98
Block: Buckler           |    32 |    24 |    86 |   224 |   415 |       |       |       ||   781
       Kite shield       |       |       |       |       |   158 |   747 |  1021 |   351 ||  2277
       Tower shield      |       |       |       |       |       |   751 |       |       ||   751
       Other             |       |       |       |       |       |     2 |       |       ||     2
       Reflection        |       |       |       |       |       |   125 |   159 |    36 ||   320

Table legend: (Time is in decaauts)
 A = Elapsed time spent in this place.
 B = Non-inter-level travel time spent in this place.
 C = Inter-level travel time spent in this place.
 D = Time resting spent in this place.
 E = Time spent auto-exploring this place.
 F = Levels seen in this place.
 G = Mean time per level.
                   A        B        C        D        E       F      G
               +--------+--------+--------+--------+--------+-----+--------+
         Total |  59677 |  55643 |   4034 |  10131 |  23528 |  42 | 1420.9 |
       Dungeon |  19227 |  17549 |   1678 |   2297 |   8451 |  15 | 1281.8 |
        Temple |     77 |     75 |      2 |      0 |      0 |   1 |   77.0 |
          Lair |   7016 |   6221 |    795 |    980 |   2904 |   5 | 1403.2 |
        Shoals |   5513 |   5429 |     84 |    985 |   2328 |   4 | 1378.2 |
     Snake Pit |   6881 |   6737 |    144 |   1353 |   2208 |   4 | 1720.2 |
  Orcish Mines |   2719 |   2321 |    398 |     90 |    994 |   2 | 1359.5 |
   Elven Halls |   5065 |   4632 |    433 |    572 |   2372 |   3 | 1688.3 |
        Vaults |  10966 |  10470 |    496 |   3033 |   4077 |   5 | 2193.2 |
         Sewer |    664 |    664 |      0 |      0 |    179 |   1 |  664.0 |
       Ossuary |    396 |    396 |      0 |    225 |      0 |   1 |  396.0 |
        Wizlab |   1148 |   1148 |      0 |    596 |     14 |   1 | 1148.0 |
               +--------+--------+--------+--------+--------+-----+--------+

Top non-repeatable levels by time:
Vaults:4: 4584 daAuts
    D:12: 2815 daAuts
Shoals:3: 2252 daAuts
Vaults:1: 2135 daAuts
 Snake:3: 2128 daAuts
Vaults:2: 2084 daAuts
   Orc:2: 1947 daAuts
 Snake:4: 1893 daAuts
  Lair:5: 1874 daAuts
  Lair:3: 1753 daAuts
   Elf:3: 1748 daAuts
   Elf:1: 1742 daAuts
    D:13: 1737 daAuts
 Snake:2: 1661 daAuts
    D:11: 1635 daAuts
